[Event "*** Titled Tuesday Blitz"]
[Site "Chess.com"]
[Date "2021.03.30"]
[Round "6"]
[White "Kozok"]
[Black "Chessmasterzt"]
[Result "1-0"]
[WhiteElo "2507"]
[BlackElo "2610"]
[TimeControl "180+1"]
[EndTime "11:06:01 PDT"]
[Termination "Kozok won by checkmate"]

1. e4 d6 2. d4 Nf6 3. Nc3 e5 4. Nf3 Nbd7 5. Rg1 g6 6. g4 Bg7 7. g5 Nh5 8. Be3 c6 9. Qd2 b5 10. O-O-O O-O 11. dxe5 dxe5 12. Qd6 Qa5 13. Qxc6 b4 14.
Qxa8 bxc3 15. Qd5 cxb2+ 16. Kb1 Qb4 17. Bc4 Nb6 18. Bxb6 axb6 19. Qb5 Qa3 20. Nxe5 Qe7 21. Nxf7 Rxf7 22. Bxf7+ Kxf7 23. f4 h6 24. f5 hxg5 25. Qc4+ Kf8 26. Qxc8+ Kf7 27. fxg6+ Kxg6 28. Qf5+ Kh6 29.
h4 Bf6 30. hxg5+ Bxg5 31. Rd6+ Qxd6 32. Qxg5+ Kh7 33. Qg8+ Kh6 34. Qh8# 1-0

[Event "*** Titled Tuesday Blitz"]
[Site "Chess.com"]
[Date "2021.03.30"]
[Round "6"]
[White "doctorcristian"]
[Black "Leo_C"]
[Result "1/2-1/2"]
[WhiteElo "2554"]
[BlackElo "2381"]
[TimeControl "180+1"]
[EndTime "11:06:03 PDT"]
[Termination "Game drawn by repetition"]

1. d4 d5 2. Bf4 c5 3. e3 Nc6 4. Nc3 cxd4 5. exd4 a6 6. Nf3 Bf5 7. Ne5 Rc8 8. g4 Bg6 9. h4 Nxe5 10. Bxe5 f6 11.
h5 Bf7 12. Bg3 e6 13. Bg2 Bb4 14. O-O Ne7 15. Ne2 O-O 16. c3 Bd6 17. Re1 e5 18. Qd2 e4 19. Bxd6 Qxd6 20. f3 f5 21. Qf4 Qb6 22. h6 Qxh6 23. Qxh6 gxh6 24. gxf5 exf3 25. Bxf3 Nxf5 26. Nf4 Rcd8 27. Re5 Nh4 28. Bh1 Ng6 29.
Rf5 Nxf4 30. Rxf4 Be6 31. Raf1 Rxf4 32. Rxf4 Rf8 33. Rxf8+ Kxf8 34. Kf2 Ke7 35. Kg3 Kf6 36. Kh4 Bf7 37. c4 dxc4 38. Bxb7 a5 39. a3 Ke7 40. Kg4 Kd6 41. Kf4 Bd5 42. Bc8 Be6 43. Bb7 Bd5 44.
Ba6 h5 45. Kg5 Bf7 46. Bb7 Bd5 47. Bc8 Be6 48. Ba6 Bf7 49. Bb7 Bd5 50. Ba6 Bf7 1/2-1/2

[Event "*** Titled Tuesday Blitz"]
[Site "Chess.com"]
[Date "2021.03.30"]
[Round "6"]
[White "Eternauta2400"]
[Black "SoldierOfGod1"]
[Result "1-0"]
[WhiteElo "2394"]
[BlackElo "2500"]
[TimeControl "180+1"]
[EndTime "11:06:04 PDT"]
[Termination "Eternauta2400 won on time"]

1. e4 c6 2. d4 d5 3. exd5 cxd5 4.
c4 Nf6 5. Nc3 Nc6 6. Nf3 g6 7. cxd5 Nxd5 8. Qb3 Nxc3 9. Bc4 Nd5 10. Bxd5 e6 11. Bxc6+ bxc6 12. O-O Qd5 13. Qa4 Bg7 14.
Bg5 O-O 15. Rac1 Bd7 16. Rc5 Qd6 17. Rfc1 Rab8 18. b3 Rb7 19. g3 Qc7 20. Bf4 Qb6 21.
Ne5 Bxe5 22. dxe5 Qb4 23. Qa6 Qb6 24. Qe2 a5 25. Bg5 h5 26. g4 a4 27. bxa4 Qb2 28.
Qf3 Rb4 29. gxh5 Qd4 30. h3 Qe4 31. Qg3 Qf5 32. h6 Kh7 33. R5c4 Rfb8 34. a3 Rb1 35. Kh2 Rxc1 36. Bxc1 c5 37. Rf4 1-0

[Event "*** Titled Tuesday Blitz"]
[Site "Chess.com"]
[Date "2021.03.30"]
[Round "6"]
[White "GigaQuparadze"]
[Black "Vanina1989"]
[Result "1-0"]
[WhiteElo "2885"]
[BlackElo "2764"]
[TimeControl "180+1"]
[EndTime "11:06:06 PDT"]
[Termination "GigaQuparadze won by resignation"]

1. e4 c6 2. d4 d5 3. Nc3 dxe4 4. Nxe4 Nf6 5. Nxf6+ exf6 6. c3 Bd6 7.
Bd3 O-O 8. Qc2 Re8+ 9. Ne2 h5 10.
O-O h4 11. h3 Nd7 12. c4 Nf8 13. Be3 Bc7 14. Rfe1 Be6 15. Rad1 Rc8 16. Nf4 Qd6 17. b3 Bb8 18. Kf1 Bd7 19. c5 Qc7 20. Bc4 Be6 21. d5 cxd5 22. Bxd5 Bxd5 23. Rxd5 Qc6 24. Red1 b6 25. b4 Qb5+ 26. Nd3 Ng6 27. a4 Qc6 28. Qc4 Qxa4 29. Nb2 Qc6 30. b5 Qc7 31. Rd7 Ne5 32. Rxc7 Nxc4 33. Rxc8 Nxe3+ 34. fxe3 Rxc8 35. c6 Re8 36. Nc4 Kh7 37. Rd4 Bg3 38.
Ke2 f5 39. Rd7 f6 40. Rxa7 f4 41. e4 Rxe4+ 42. Kd3 Re8 43. Nxb6 Re3+ 44. Kc4 Re4+ 45. Kb3 Re3+ 46. Kb4 Re4+ 47. Nc4 Be1+ 48. Kb3 Rd4 49. c7 Rd3+ 50. Kb2 1-0

[Event "*** Titled Tuesday Blitz"]
[Site "Chess.com"]
[Date "2021.03.30"]
[Round "6"]
[White "MustafayevFarid2004"]
[Black "The_filthy"]
[Result "0-1"]
[WhiteElo "2495"]
[BlackElo "2335"]
[TimeControl "180+1"]
[EndTime "11:06:06 PDT"]
[Termination "The_filthy won by resignation"]

1. d4 d5 2. c4 c6 3. e3 Nf6 4. Nf3 g6 5. Nbd2 Bg7 6. Qc2 O-O 7. Bd3 dxc4 8. Nxc4 Nbd7 9. O-O Nb6 10. b3 Nbd5 11.
a3 Nb6 12. Bb2 Bg4 13. Nfe5 Be6 14. Nxb6 axb6 15. f4 Nd5 16. Qe2 f6 17. f5 fxe5 18.
fxe6 exd4 19. Rxf8+ Qxf8 20. Rf1 Qd8 21. Bxd4 Bxd4 22. exd4 Nf6 23. Qe5 Ra5 24. Qe3 Kg7 25. Rf3 Qd6 26. a4 Rh5 27. h3 Rd5 28. Rf4 c5 29. Rh4 h5 30. Bb1 Rxd4 31. Qg5 Rd1+ 32. Kf2 Rxb1 0-1

[Event "*** Titled Tuesday Blitz"]
[Site "Chess.com"]
[Date "2021.03.30"]
[Round "6"]
[White "ecwinslow"]
[Black "djano"]
[Result "1-0"]
[WhiteElo "2292"]
[BlackElo "2426"]
[TimeControl "180+1"]
[EndTime "11:06:06 PDT"]
[Termination "ecwinslow won by checkmate"]

1. e4 c5 2. Nf3 g6 3. d4 cxd4 4. Nxd4 Bg7 5. Nc3 Nc6 6. Be3 Nf6 7. Bc4 O-O 8. Bb3 Re8 9. h4 h5 10. Qd2 Ng4 11. Nxc6 bxc6 12. Bd4 Bh6 13. Qe2 e5 14. Bc5 d6 15. Rd1 Bf8 16. f3 Nh6 17. Qd2 Be6 18. Bxd6 Bxd6 19. Qxd6 Qb6 20. Qd2 Rad8 21. Qxh6 Bxb3 22. axb3 Rd4 23. Ke2 Red8 24. Qe3 Qc5 25.
Rd3 Qe7 26. g3 a5 27. Rhd1 Qa7 28. Kf2 Kg7 29. Ne2 Rxd3 30. Rxd3 Qb8 31. Rxd8 Qxd8 32. Qd3 Qb6+ 33. Qe3 Qb4 34. Nc3 f6 35. Kg2 Qd6 36. Qd3 Qc5 37. g4 hxg4 38. fxg4 Qe7 39. Kg3 Qa7 40.
Ne2 Kh7 41. Kf3 Qe7 42. Nc1 Qc5 43. Ne2 Qa7 44. c3 Qb6 45. Qc4 Qd8 46. Qf7+ Kh6 47. h5 gxh5 48. gxh5 Kg5 49. Qg6+ Kh4 50. Qg4# 1-0

[Event "*** Titled Tuesday Blitz"]
[Site "Chess.com"]
[Date "2021.03.30"]
[Round "6"]
[White "Alexander_Zubov"]
[Black "DenisQ"]
[Result "1-0"]
[WhiteElo "2972"]
[BlackElo "2647"]
[TimeControl "180+1"]
[EndTime "11:06:09 PDT"]
[Termination "Alexander_Zubov won by resignation"]

1. d4 d5 2. c4 c6 3. Nf3 Nf6 4. Qb3 dxc4 5. Qxc4 Bf5 6. g3 Nbd7 7. Bg2 e6 8. O-O Be7 9. Nc3 O-O 10. Qb3 Qb6 11. Nd2 e5 12. d5 cxd5 13. Nxd5 Nxd5 14. Qxd5 Rab8 15. Nc4 Qe6 16. Be3 Qxd5 17. Bxd5 b6 18. Rfd1 Rfd8 19. a4 Nf6 20. Bg2 Rxd1+ 21. Rxd1 Bc2 22.
Ra1 e4 23. a5 Bc5 24. axb6 axb6 25. Nxb6 Bxe3 26. fxe3 h5 27. Nc4 Rb4 28. Ne5 Rxb2 29. Ra8+ Kh7 30. h3 Bd1 31. Nxf7 Rxe2 32. Ra3 Re1+ 33.
Kf2 Re2+ 34. Kf1 Rb2 35. Ng5+ Kg6 36. Nxe4 Rxg2 37. Nxf6 Rxg3 38. Nd5 Rxh3 39. Nf4+ 1-0

[Event "*** Titled Tuesday Blitz"]
[Site "Chess.com"]
[Date "2021.03.30"]
[Round "6"]
[White "tjychess"]
[Black "anon219"]
[Result "0-1"]
[WhiteElo "2691"]
[BlackElo "2864"]
[TimeControl "180+1"]
[EndTime "11:06:10 PDT"]
[Termination "anon219 won by resignation"]

1. d4 d5 2. c4 e6 3. Nf3 Nf6 4. Nc3 Bb4 5. Qa4+ Nc6 6. e3 O-O 7. Qc2 dxc4 8. Bxc4 Bd6 9. Nb5 Be7 10. O-O a6 11. Nc3 Bd6 12. h3 e5 13. a3 h6 14. Bd2 Re8 15. dxe5 Nxe5 16. Nxe5 Bxe5 17. Rad1 c6 18. Rfe1 Qe7 19. e4 Nh5 20. Bf1 Nf4 21. Ne2 Nxe2+ 22. Rxe2 Be6 23. f4 Bc7 24. Be3 Rad8 25.
Rxd8 Rxd8 26. g3 a5 27. Rd2 h5 28. Bg2 h4 29. g4 Rxd2 30. Qxd2 f6 31. Bf2 Qd6 32.
Qxd6 Bxd6 33. f5 Bb3 34. Bd4 a4 35. Kf2 b5 36. Bc3 c5 37. Bf1 b4 38. axb4 cxb4 39.
Bd4 a3 40. bxa3 bxa3 41. Ke3 a2 0-1

[Event "*** Titled Tuesday Blitz"]
[Site "Chess.com"]
[Date "2021.03.30"]
[Round "6"]
[White "Nikolaj_6"]
[Black "londonkid"]
[Result "1-0"]
[WhiteElo "2654"]
[BlackElo "2504"]
[TimeControl "180+1"]
[EndTime "11:06:10 PDT"]
[Termination "Nikolaj_6 won by checkmate"]

1. e4 e6 2. d4 d5 3. Nd2 Nf6 4. e5 Nfd7 5. Bd3 c5 6. c3 Nc6 7.
Ne2 Qb6 8. Nf3 cxd4 9. cxd4 f6 10. exf6 Nxf6 11. O-O Bd6 12. b3 e5 13. dxe5 Nxe5 14. Nxe5 Bxe5 15. Rb1 O-O 16. Bf4 Bxf4 17. Nxf4 Bg4 18.
Qc2 Rac8 19. Qb2 Qd6 20. Qd4 Kh8 21. f3 Bd7 22. Rbd1 Qb6 23. Qxb6 axb6 24. Rd2 Rfe8 25. Rfd1 Bc6 26. Ne2 g6 27. Nd4 Nd7 28. Kf2 Nc5 29. Bf1 Ra8 30. Rc1 Rf8 31. Kg1 Rfe8 32. b4 Ne6 33. Nxc6 bxc6 34. Rxc6 Nf4 35. Rxb6 Rac8 36. g3 Ne6 37. Bh3 Rc1+ 38. Kg2 Nd4 39. Bd7 Re7 40. Rxd4 Rc2+ 41. Kh3 Rxd7 42. a4 h5 43.
Rxg6 Ra7 44. a5 Re7 45. Rxd5 Ree2 46. Rxh5# 1-0

[Event "*** Titled Tuesday Blitz"]
[Site "Chess.com"]
[Date "2021.03.30"]
[Round "6"]
[White "m-garcett"]
[Black "NoGalloNoParty"]
[Result "0-1"]
[WhiteElo "2133"]
[BlackElo "2400"]
[TimeControl "180+1"]
[EndTime "11:06:10 PDT"]
[Termination "NoGalloNoParty won by resignation"]

1. e4 c5 2. Nf3 e6 3. d4 cxd4 4. Nxd4 Nc6 5. Nc3 Qc7 6. Be3 a6 7. f4 b5 8. Qf3 Bb7 9. O-O-O Nf6 10. a3 Rc8 11. Bd3 Be7 12. g4 b4 13. axb4 Nxb4 14.
g5 Ng8 15. h4 Qa5 16. Nb3 Na2+ 17. Nxa2 Qxa2 18. Kd2 Qxb2 19. Bd4 Bb4+ 20. Ke2 Rxc2+ 21.
Bxc2 Qxc2+ 22. Nd2 Ne7 23. Qd3 Qc7 24. Bxg7 Rg8 25.
Be5 d6 26. Rc1 Qa5 27. Bc3 Nc6 28. Nc4 Qa2+ 29. Rc2 Qa4 30. Bxb4 Nxb4 31. Nxd6+ Kf8 32. Nxb7 Nxd3 33. Kxd3 Qb3+ 34. Rc3 Qxb7 35. h5 Kg7 36. h6+ Kg6 37. Rhc1 Rd8+ 38. Ke3 Qb6+ 39. Rc5 Rc8 40. f5+ Kxg5 41. fxe6+ Rxc5 42. Rxc5+ Qxc5+ 0-1

[Event "*** Titled Tuesday Blitz"]
[Site "Chess.com"]
[Date "2021.03.30"]
[Round "6"]
[White "GelmanAlexander"]
[Black "Cptn2"]
[Result "1-0"]
[WhiteElo "2642"]
[BlackElo "2497"]
[TimeControl "180+1"]
[EndTime "11:06:11 PDT"]
[Termination "GelmanAlexander won by resignation"]

1. d4 Nf6 2. Nc3 d5 3. Bf4 g6 4. e3 Bg7 5. h4 h5 6. Nf3 O-O 7. Qd2 c5 8. O-O-O cxd4 9. exd4 Nc6 10. Ne5 Bf5 11. f3 Nb4 12. Nd3 Qa5 13. a3 Nxd3+ 14. Bxd3 Bxd3 15. Qxd3 Rac8 16. Kb1 a6 17. Be5 e6 18. g4 hxg4 19. Bxf6 Bxf6 20. fxg4 Rxc3 21. Qxc3 Qxc3 22. bxc3 Rc8 23. Kb2 Kg7 24. a4 a5 25.
Rdf1 Rh8 26. h5 g5 27. Kc1 Be7 28. Kd2 Rc8 29. h6+ Kg6 30. h7 Rh8 31. Rb1 f5 32. gxf5+ exf5 33. Rxb7 Bf6 34. Rb5 g4 35. Rxd5 Re8 36. Rd6 g3 37. h8=Q Rxh8 38. Rxh8 Kg7 39. Rh3 f4 40. Ke2 g2 41. Kf2 1-0

[Event "*** Titled Tuesday Blitz"]
[Site "Chess.com"]
[Date "2021.03.30"]
[Round "6"]
[White "novocane"]
[Black "Pantata007"]
[Result "0-1"]
[WhiteElo "2216"]
[BlackElo "2380"]
[TimeControl "180+1"]
[EndTime "11:06:11 PDT"]
[Termination "Pantata007 won by resignation"]

1. d4 d5 2. c4 c6 3. cxd5 cxd5 4. Bf4 Nc6 5. e3 Bf5 6. Qb3 Qd7 7. Nc3 e6 8. Nf3 f6 9. Bb5 Nge7 10. Na4 Ng6 11.
Bg3 h5 12. O-O h4 13. Bf4 Nxf4 14. exf4 h3 15. g3 Bd6 16. Nc5 Bxc5 17. dxc5 O-O 18. Rac1 Qc7 19. Bxc6 bxc6 20. Nd4 Rfe8 21. Nxf5 exf5 22.
Qf3 g6 23. b3 Qe7 24. Qd3 Qe2 25. Qxe2 Rxe2 26. a3 Rae8 27. Rc3 a5 28. f3 Rb2 29.
Rcc1 Ree2 30. Rfe1 Rxh2 0-1

[Event "*** Titled Tuesday Blitz"]
[Site "Chess.com"]
[Date "2021.03.30"]
[Round "6"]
[White "Keranke"]
[Black "Sweafty"]
[Result "1-0"]
[WhiteElo "2800"]
[BlackElo "2557"]
[TimeControl "180+1"]
[EndTime "11:06:12 PDT"]
[Termination "Keranke won by resignation"]

1. d4 Nf6 2. Bf4 d6 3. e3 Nbd7 4. Nf3 g6 5. h3 Bg7 6. Bh2 O-O 7.
Nbd2 e6 8. c3 Qe7 9. Be2 b6 10.
O-O Bb7 11. a4 a5 12. Qc2 Rfe8 13. Bb5 h6 14. e4 e5 15. dxe5 dxe5 16. Rad1 Red8 17.
Rfe1 Nh5 18. Nc4 c6 19. Nd6 Nc5 20. Nxb7 Rxd1 21. Rxd1 cxb5 22. Nxc5 Qxc5 23. Rd5 Qc7 24. Nxe5 bxa4 25. Nxg6 Qc4 26. Ne7+ Kf8 27. Rxh5 Kxe7 28. Be5 Bxe5 29. Rxe5+ Kf8 30. Qd2 Kg7 31. Qf4 Rd8 32.
Qg3+ Kh7 33. Qf3 Rd6 34. Rf5 Kg7 35. h4 Rg6 36. h5 Rg5 37. Rxg5+ hxg5 38. Qf5 Kh6 39.
g4 a3 40. Qf6+ Kh7 41. h6 1-0

[Event "*** Titled Tuesday Blitz"]
[Site "Chess.com"]
[Date "2021.03.30"]
[Round "6"]
[White "Alexsur1981"]
[Black "FairChess_on_YouTube"]
[Result "1-0"]
[WhiteElo "2880"]
[BlackElo "2998"]
[TimeControl "180+1"]
[EndTime "11:06:13 PDT"]
[Termination "Alexsur1981 won by checkmate"]

1. e4 c5 2. Nf3 d6 3. d4 cxd4 4. Nxd4 Nf6 5. Nc3 Bd7 6. Bg5 e6 7. Qd2 a6 8. O-O-O h6 9. Bxf6 Qxf6 10. f4 Nc6 11. Nf3 g5 12. f5 g4 13. Nd4 Nxd4 14. Qxd4 Qxd4 15. Rxd4 Rc8 16. fxe6 Bxe6 17. Nd5 Bg7 18.
Rd1 h5 19. Kb1 Be5 20. Ne3 Ke7 21. Bd3 Kf6 22. Rdf1+ Kg5 23. c3 b5 24. Nf5 b4 25.
cxb4 a5 26. b5 Rc5 27. h4+ Kg6 28. Rc1 Kf6 29. Rhf1 Rxc1+ 30. Rxc1 g3 31. Rf1 Kg6 32. Ne7+ Kg7 33. Nc6 Bf6 34. b6 Bd7 35. Nxa5 Bxh4 36. Bc4 f6 37. Bd5 Bg5 38. Nc6 h4 39. b7 Be3 40.
b8=Q Rxb8 41. Nxb8 h3 42. e5 Bb5 43. exf6+ Kf8 44.
Rh1 hxg2 45. Rh8# 1-0

[Event "*** Titled Tuesday Blitz"]
[Site "Chess.com"]
[Date "2021.03.30"]
[Round "6"]
[White "Cryptochess"]
[Black "tandaleo"]
[Result "1-0"]
[WhiteElo "2577"]
[BlackElo "2348"]
[TimeControl "180+1"]
[EndTime "11:06:13 PDT"]
[Termination "Cryptochess won by checkmate"]

1. e4 d6 2. d4 Nf6 3. Nc3 g6 4.
f4 Bg7 5. Nf3 O-O 6. Bc4 Nc6 7.
e5 dxe5 8. dxe5 Qxd1+ 9. Nxd1 Ne4 10. c3 h5 11. Be3 Bf5 12. O-O Rad8 13. Re1 g5 14. g3 e6 15. a4 Rd7 16. a5 a6 17.
b4 Rfd8 18. b5 axb5 19. Bxb5 Rxd1 20. Raxd1 Rxd1 21. Rxd1 Nxc3 22. Rd7 Nxb5 23. Nxg5 Bg6 24. h3 Bf8 25. g4 hxg4 26. hxg4 Bb4 27. Bf2 Bxa5 28.
Bh4 Bb6+ 29. Kg2 Nbd4 30. Nh3 Be4+ 31. Kg3 Ne2+ 32. Kh2 Ncd4 33. Rd8+ Kh7 34. Ng5+ Kg6 35. Nxe4 Nf3+ 36. Kh3 Nxh4 37. Kxh4 Nxf4 38. Rg8+ Kh7 39. Nf6+ Kh6 40. g5# 1-0

[Event "*** Titled Tuesday Blitz"]
[Site "Chess.com"]
[Date "2021.03.30"]
[Round "6"]
[White "BeyondMadness"]
[Black "DKmirl"]
[Result "1-0"]
[WhiteElo "2282"]
[BlackElo "1989"]
[TimeControl "180+1"]
[EndTime "11:06:13 PDT"]
[Termination "BeyondMadness won by checkmate"]

1. d4 Nf6 2. c4 e6 3. Nc3 c5 4.
d5 exd5 5. cxd5 d6 6. e4 g6 7. Bd3 Bg7 8. Nge2 O-O 9. O-O a6 10. a4 Nbd7 11. Ng3 Ne5 12. Be2 Bd7 13. f4 Neg4 14.
h3 Nh6 15. Be3 Kh8 16. Qd2 Nhg8 17. f5 Rb8 18. h4 b5 19. axb5 axb5 20. fxg6 fxg6 21.
h5 Nxh5 22. Rxf8 Bxf8 23. Bxh5 gxh5 24. Nxh5 Qh4 25. Bd4+ cxd4 26. Qxd4+ Nf6 27. Qxf6+ Qxf6 28. Nxf6 Bc8 29. Ra7 Bg7 30. Rf7 b4 31. Ne2 Ba6 32. Nd4 Rc8 33. Nf5 Rc1+ 34. Kh2 Bxf6 35. Rf8# 1-0

[Event "*** Titled Tuesday Blitz"]
[Site "Chess.com"]
[Date "2021.03.30"]
[Round "6"]
[White "Zipa5"]
[Black "HouseOfDurin"]
[Result "0-1"]
[WhiteElo "1909"]
[BlackElo "2139"]
[TimeControl "180+1"]
[EndTime "11:06:14 PDT"]
[Termination "HouseOfDurin won on time"]

1. Nf3 c5 2. c4 Nc6 3. e3 e5 4. Nc3 g6 5. g3 Bg7 6. Bg2 Nge7 7.
O-O O-O 8. d3 d6 9. a3 a5 10. Rb1 h6 11. Nb5 Be6 12. e4 f5 13.
exf5 gxf5 14. Bd2 Qd7 15. Qc1 Kh7 16. Re1 Rad8 17. b4 axb4 18. axb4 b6 19. bxc5 bxc5 20. Nc3 Nb4 21. Bf1 d5 22. cxd5 Nexd5 23. Nxe5 Bxe5 24.
Rxe5 Rf6 25. Ne2 Nxd3 26. Rxd5 Qxd5 27. Qc3 Rf7 28. Nf4 Nxf4 29. Bxf4 Rg8 30. Rb6 Rg6 31. Qe3 Bc8 32. Qe5 Qxe5 33. Bxe5 Rxb6 0-1

[Event "*** Titled Tuesday Blitz"]
[Site "Chess.com"]
[Date "2021.03.30"]
[Round "6"]
[White "biveklama"]
[Black "mamonika"]
[Result "1-0"]
[WhiteElo "2316"]
[BlackElo "2048"]
[TimeControl "180+1"]
[EndTime "11:06:15 PDT"]
[Termination "biveklama won on time"]

1. e4 c5 2. Nf3 Nc6 3. d4 cxd4 4. Nxd4 g6 5. b3 Bg7 6. Bb2 Nf6 7. Nxc6 bxc6 8. e5 Nd5 9. c4 Qa5+ 10. Qd2 Qxd2+ 11.
Nxd2 Nb4 12. Kd1 d6 13. f4 Bf5 14. h3 h5 15. Bc3 a5 16. a3 Na6 17. b4 a4 18. Kc1 O-O 19. Kb2 dxe5 20. fxe5 Rfd8 21. Nf3 Rd7 22. Be2 Rad8 23. Rad1 Rxd1 24. Rxd1 Rxd1 25.
Bxd1 Bd3 26. Nd2 Bh6 27. Bxa4 Bxd2 28. Bxd2 Bxc4 29. Bxc6 Nc7 30. a4 f6 31. exf6 exf6 32. b5 Nd5 33. a5 Kf7 34. a6 Nb6 35. a7 Na4+ 36. Ka3 Nb6 37. Be3 1-0

[Event "*** Titled Tuesday Blitz"]
[Site "Chess.com"]
[Date "2021.03.30"]
[Round "6"]
[White "anasta10"]
[Black "enriquetejedor"]
[Result "1/2-1/2"]
[WhiteElo "2493"]
[BlackElo "2609"]
[TimeControl "180+1"]
[EndTime "11:06:16 PDT"]
[Termination "Game drawn by repetition"]

1. d4 d5 2. c4 e5 3. dxe5 d4 4. Nf3 Nc6 5. e3 Bc5 6. exd4 Nxd4 7. Nc3 Bg4 8. Be2 Nxf3+ 9. Bxf3 Qxd1+ 10. Bxd1 Bxd1 11.
Nxd1 Ne7 12. Be3 Bxe3 13. Nxe3 Ng6 14. O-O-O Nxe5 15. Nd5 O-O 16. b3 c6 17. Nc3 Rad8 18. Kc2 Ng4 19. Rhe1 Nxf2 20. Rxd8 Rxd8 21. Re7 Rb8 22.
h3 h5 23. Kd2 h4 24. Ke3 Nh1 25.
Ne4 a5 26. Kf3 b5 27. c5 Ng3 28. Nxg3 hxg3 29. Rc7 Rd8 30. Rxc6 Rd2 31. Kxg3 Rxa2 32. Rc8+ Kh7 33. c6 Rb2 34. Kf4 Rxb3 35. Ke5 Rb2 36. Rb8 Rc2 37. Kd6 Rd2+ 38. Ke7 Rc2 39. Kd6 Rd2+ 40.
Ke7 Rc2 41. Kd6 1/2-1/2

[Event "*** Titled Tuesday Blitz"]
[Site "Chess.com"]
[Date "2021.03.30"]
[Round "6"]
[White "artichaud"]
[Black "noblerone"]
[Result "0-1"]
[WhiteElo "2111"]
[BlackElo "2398"]
[TimeControl "180+1"]
[EndTime "11:06:16 PDT"]
[Termination "noblerone won on time"]

1. e4 c5 2. Nc3 a6 3. g3 b5 4.
Bg2 Bb7 5. d3 e6 6. f4 d5 7. e5 b4 8. Nce2 Ne7 9. Nf3 Nf5 10.
O-O h5 11. h4 Nc6 12. Kh2 Nh6 13. Neg1 Ng4+ 14. Kh1 Ne7 15. Nh3 Nf5 16. Qe1 d4 17. Nhg5 Be7 18. Ne4 Rc8 19. b3 Bd5 20. a3 a5 21. Rg1 O-O 22. Nh2 Nfe3 23. Nxg4 Nxg4 24. Bf3 f5 25. exf6 Nxf6 26. Bd2 g6 27. Qe2 Kg7 28. Kh2 Bd6 29. Rge1 Re8 30. axb4 cxb4 31. Nxd6 Qxd6 32. Rxa5 Rxc2 0-1

[Event "*** Titled Tuesday Blitz"]
[Site "Chess.com"]
[Date "2021.03.30"]
[Round "6"]
[White "gui_borba"]
[Black "CraiggoryC"]
[Result "1-0"]
[WhiteElo "2441"]
[BlackElo "2269"]
[TimeControl "180+1"]
[EndTime "11:06:17 PDT"]
[Termination "gui_borba won by resignation"]

1. Nf3 Nf6 2. b3 g6 3. Bb2 Bg7 4. e3 O-O 5. d4 c5 6. dxc5 Na6 7. Bxa6 Qa5+ 8. c3 Qxa6 9. Nbd2 Qb5 10. b4 a5 11. a4 Qd3 12. Nb3 Qxd1+ 13. Kxd1 Ne4 14. Kc2 axb4 15. cxb4 Bxb2 16. Kxb2 Nxf2 17. Rhf1 Ng4 18. e4 d6 19. cxd6 exd6 20. h3 Ne3 21. Rf2 Re8 22. Nfd2 Be6 23. Rc1 Rec8 24. Re2 Rxc1 25. Nxc1 Nc4+ 26.
Nxc4 Bxc4 27. Rc2 Be6 28. a5 Kg7 29. Rc7 Rb8 30. Nd3 Kf6 31. Kc3 Rc8 32. Rxc8 Bxc8 33. Kd4 Ke6 34. Nf4+ Ke7 35. Nd5+ Kd8 36. Nf6 Be6 37.
Nxh7 Ke7 38. Ng5 Bd7 39. Nf3 Bc6 40. Nd2 Bb5 41. Nc4 Bxc4 42. Kxc4 Ke6 43. Kd4 f5 44.
exf5+ gxf5 45. g3 d5 46. h4 Kd6 47. h5 1-0

[Event "*** Titled Tuesday Blitz"]
[Site "Chess.com"]
[Date "2021.03.30"]
[Round "6"]
[White "AlexOstrovskiy"]
[Black "Jospem"]
[Result "0-1"]
[WhiteElo "2739"]
[BlackElo "2958"]
[TimeControl "180+1"]
[EndTime "11:06:18 PDT"]
[Termination "Jospem won by resignation"]

1. d4 Nf6 2. Bf4 c5 3. dxc5 e6 4. Bd6 Bxd6 5. Qxd6 b6 6. cxb6 Nc6 7. Nd2 Ba6 8. b7 Rb8 9. Nb3 Rxb7 10. c3 Rb6 11. Qa3 d6 12. Rd1 Ne5 13. Nf3 Nc4 14. Qa4+ Nd7 15. Rd4 Nxb2 16. Qa3 Nc4 17. Qa4 d5 18. e4 O-O 19. Be2 Qc7 20. exd5 exd5 21. O-O Nb2 22. Qxa6 Rxa6 23. Bxa6 Nb6 24. Rd2 N2a4 25. Bb5 Nxc3 26. Bd3 Ne4 27. Rdd1 Qf4 28. Nbd4 g6 29. g3 Qf6 30. Rfe1 Re8 31. h4 h6 32. Re2 Nd7 33.
Rde1 Ndc5 34. Bb1 Rb8 35. Kg2 a5 36. Bc2 a4 37. Nh2 Qxd4 0-1

[Event "*** Titled Tuesday Blitz"]
[Site "Chess.com"]
[Date "2021.03.30"]
[Round "6"]
[White "Nikolakis2014"]
[Black "Tsyhanchuk_Stanislav"]
[Result "1-0"]
[WhiteElo "2613"]
[BlackElo "2479"]
[TimeControl "180+1"]
[EndTime "11:06:19 PDT"]
[Termination "Nikolakis2014 won by checkmate"]

1. Nf3 c5 2. c4 Nc6 3. Nc3 g6 4.
e3 Nf6 5. d4 cxd4 6. exd4 d5 7.
cxd5 Nxd5 8. Qb3 Nxc3 9. Bc4 e6 10. bxc3 Bg7 11. Ba3 Bf8 12. Bxf8 Kxf8 13. O-O Kg7 14. Be2 Ne7 15. Rad1 b6 16. c4 Bb7 17. Qb2 Nf5 18.
Ne5 Qf6 19. Bd3 Rad8 20. Bxf5 exf5 21. f4 Be4 22. d5 Rd6 23. Rde1 Rc8 24. g4 h6 25. Qf2 b5 26. Qg3 bxc4 27. g5 Qe7 28. gxh6+ Kxh6 29. Re3 Rxd5 30. Qe1 Kg7 31. Qc3 Qf6 32.
Rfe1 Kg8 33. Rg3 Qb6+ 34. Kf1 Rcd8 35. h4 Rd2 36. Rge3 Qf6 37. Qxc4 Qxh4 38. Qxf7+ Kh8 39. Nxg6# 1-0

[Event "*** Titled Tuesday Blitz"]
[Site "Chess.com"]
[Date "2021.03.30"]
[Round "6"]
[White "Kislov_Oleg"]
[Black "TosicSrecko"]
[Result "1-0"]
[WhiteElo "2482"]
[BlackElo "2311"]
[TimeControl "180+1"]
[EndTime "11:06:19 PDT"]
[Termination "Kislov_Oleg won by checkmate"]

1. e4 e6 2. d4 d5 3. Nc3 Bb4 4. exd5 exd5 5. Bd3 Nc6 6. Ne2 Nge7 7. O-O Bf5 8. Bf4 Bxd3 9. Qxd3 O-O 10. Rae1 Re8 11. Ng3 Bd6 12. Bxd6 Qxd6 13. a3 a6 14. f4 Ng6 15.
Nf5 Qd7 16. g3 Nf8 17. Ne3 Ne7 18. f5 f6 19. Ng2 c6 20. g4 Kf7 21. Nf4 Ng8 22.
Qh3 Rxe1 23. Rxe1 Re8 24. Rxe8 Qxe8 25. Kf2 b5 26. Nce2 g6 27. fxg6+ hxg6 28. Ng3 Kg7 29. Qf1 Nh6 30. h3 Qb8 31. Kf3 Qd6 32. Qd3 Qe7 33.
h4 Nf7 34. Nxg6 Qd7 35. Nh5+ Kh6 36. Nxf8 Qe7 37. Qg6# 1-0

[Event "*** Titled Tuesday Blitz"]
[Site "Chess.com"]
[Date "2021.03.30"]
[Round "6"]
[White "viktorgen2021"]
[Black "MuhittinBuker"]
[Result "0-1"]
[WhiteElo "2288"]
[BlackElo "2207"]
[TimeControl "180+1"]
[EndTime "11:06:19 PDT"]
[Termination "MuhittinBuker won on time"]

1. e4 e5 2. Nf3 Nc6 3. Bb5 a6 4. Ba4 Nf6 5. Bxc6 dxc6 6. d3 Nd7 7. O-O Be7 8. d4 exd4 9. Qxd4 O-O 10. Nc3 Bc5 11. Qc4 Ba7 12. Bg5 Qe8 13. Rad1 Ne5 14. Nxe5 Qxe5 15. Bh4 Be6 16. Qe2 Rac8 17. Bg3 Qg5 18. Kh1 Qg6 19. h3 f5 20. f4 fxe4 21.
Bh2 e3 22. g4 Qf7 23. f5 Bc4 24.
Rd3 Bxd3 25. cxd3 Rfe8 26. Ne4 Qd5 27. Bf4 Rxe4 28. dxe4 Qxe4+ 29. Kg1 Rd8 30. Qg2 e2+ 31. Kh2 exf1=N+ 32. Qxf1 Rd4 33. Bxc7 Rd2+ 34. Kg3 Bf2+ 35.
Kh2 Bb6+ 36. Kg3 Bxc7+ 37. Kh4 Qe7+ 0-1

[Event "*** Titled Tuesday Blitz"]
[Site "Chess.com"]
[Date "2021.03.30"]
[Round "6"]
[White "Iball95"]
[Black "Mikhal867"]
[Result "0-1"]
[WhiteElo "2639"]
[BlackElo "2437"]
[TimeControl "180+1"]
[EndTime "11:06:20 PDT"]
[Termination "Mikhal867 won on time"]

1. e4 g6 2. d4 Bg7 3. Nf3 d6 4.
Bc4 a6 5. Bb3 e6 6. O-O Ne7 7.
Re1 O-O 8. Nbd2 b6 9. Nf1 Bb7 10. Ng3 h6 11. h4 Nd7 12. c3 Nf6 13. Bc2 Ng4 14. h5 e5 15. Bb3 Qd7 16. Nh4 Kh7 17. a4 d5 18. dxe5 Nxe5 19. exd5 Bxd5 20. Bf4 Bxb3 21.
Qxb3 N7c6 22. Bxe5 Nxe5 23. Rad1 Qg4 24. Re4 Qg5 25.
Rde1 Rae8 26. hxg6+ fxg6 27. Qd1 Rf4 28. Nf3 Nxf3+ 29.
gxf3 Rexe4 30. Rxe4 h5 31. Rxf4 Qxf4 32. Qd3 h4 33. Ne2 Qxa4 0-1